 Dungeon Crawl Stone Soup version 0.29.1-1-gd02db6906a (webtiles) character file.

Game seed: 6990815085727308340

28 Icepheonix32 the Trooper (level 2, -1/27 HPs)
             Began as a Minotaur Fighter on Oct 13, 2022.
             Killed by nerve-wracking pain
             ... invoked by a shadow imp
             ... summoned by Natasha
              (7 damage)
             ... on level 2 of the Dungeon.
             The game lasted 00:00:59 (1303 turns).

Icepheonix32 the Trooper (Minotaur Fighter)         Turns: 1303, Time: 00:00:59

Health: -1/27      AC:  7    Str: 20    XL:     2   Next: 96%
Magic:  1/1        EV:  9    Int:  5    God:
Gold:   121        SH:  4    Dex:  9    Spells: 1/1 levels left

rFire   . . .      SeeInvis .   a - +0 war axe
rCold   . . .      Faith    .   c - +0 buckler
rNeg    . . .      Spirit   .   b - +0 scale mail
rPois   .          Reflect  .   (helmet restricted)
rElec   .          Harm     .   (no cloak)
rCorr   .          Rampage  .   (no gloves)
Will    .....                   (no boots)
Stlth   ..........              (no amulet)
HPRegen 0.09/turn               (no ring)
MPRegen 0.07/turn               (no ring)

@: slowed, very slow
A: horns 2, retaliatory headbutt
a: no special abilities


You were on level 2 of the Dungeon.
You visited 1 branch of the dungeon, and saw 2 of its levels.

You collected 121 gold pieces.

Inventory:

Hand Weapons
 a - a +0 war axe (weapon)
Armour
 b - a +0 scale mail (worn)
 c - a +0 buckler (worn)
Magical Staves
 e - a staff of conjuration
Scrolls
 f - a scroll of magic mapping
 h - a scroll of blinking
 i - a scroll of butterflies {unknown}
 k - 3 scrolls of identify
 l - a scroll of teleportation {unknown}
Potions
 d - a potion of might
 g - a potion of haste {unknown}
 j - a potion of curing {unknown}


   Skills:
 * Level 4.2 Fighting
 + Level 2.7 Axes
 + Level 4.0 Armour
 + Level 0.3 Dodging
 + Level 4.0 Shields


You had one spell level left.
You didn't know any spells.
Your spell library was empty.

Dungeon Overview and Level Annotations

Branches:
Dungeon (2/15)

Altars:
Gozag

Annotations:
D:2 Natasha


Innate Abilities, Weirdness & Mutations

You have a pair of horns on your head.
You reflexively headbutt those who attack you in melee.


Message History

Natasha, Servant of Life and Death comes into view.
Natasha hisses angrily.
Natasha stares at you and mumbles some strange words.
You feel yourself slow down.
Natasha is nearby!
Natasha casts a spell at you. You resist with significant effort.
Natasha casts a spell at you. The magic dart hits you!
You slash Natasha!
Natasha is heavily wounded.
Natasha casts a spell.
Natasha claws you.
You barely miss Natasha.
Natasha is heavily wounded.
Natasha claws you.
Natasha stares at you and mumbles some strange words.
You feel as though you will be slow longer.
The crimson imp blinks!
You miss Natasha.
Natasha is heavily wounded.
Natasha misses you. Natasha casts a spell at you. The magic dart hits you.
Natasha casts a spell.
You are too injured to fight recklessly!
You are too injured to fight recklessly!
Unknown command.
You hit Natasha but do no damage.
Natasha is heavily wounded.
You hit the shadow imp.
The crimson imp shouts, "Scamper hence, thou mewling toad-spotted joithead!"
The crimson imp blinks!
Natasha barely misses you. The shadow imp gestures at you.
Pain shoots through your body!
* * * LOW HITPOINT WARNING * * *
You block Natasha's attack. The shadow imp gestures at you.
Pain shoots through your body!
You die...

# #.# #######.## #.#
.........### #.#
.............# #5# #
...####..#.... #.# .#
......#..#.### #.# .##
.#.##.#..# # #§#...
.#†##.#..#.#####h#.#####
##.##.#..#......@.......
#....#..#######5#.#####
#>##.#..........# #
########.#########
.........# ##########


You could see Natasha, a crimson imp (summoned) and a shadow imp (summoned).

Vanquished Creatures
  An adder (D:2)
  4 bats
  3 giant cockroaches
  A goblin (D:1)
  2 quokkas
  3 ball pythons (D:1)
  A frilled lizard (D:1)
  3 rats
18 creatures vanquished.

Notes
Turn   | Place    | Note
-------+----------+-------------------------------------------
     0 | D:1      | Icepheonix32 the Minotaur Fighter began the quest for the
                  | Orb.
     0 | D:1      | Reached XP level 1. HP: 19/19 MP: 0/0
   176 | D:1      | Reached XP level 2. HP: 27/27 MP: 1/1
   315 | D:1      | Found a faded altar of an unknown god.
   958 | D:2      | Found an opulent altar of Gozag.
  1297 | D:2      | Noticed Natasha
  1301 | D:2      | Noticed a crimson imp
  1303 | D:2      | Killed from afar by a shadow imp

Illustrated notes

Levels and vault maps discovered:
D:1:      heliophobic_arrival_henge, layout_loops_ring,
          hellmonk_ecumenical_altar_leap_of_faith, hangedman_decor_push
D:2:      layout_basic, basic_altar, minivault_19, uniq_natasha,
          uniq_crazy_yiuf_cottage

Skill      XL: |  1  2 |
---------------+-------+-----
Fighting       | 4 |  4.2
Armour         | 4 |  4.0
Shields        | 4 |  4.0
Axes           | |  2.7
Dodging        | |  0.3

Action                   || total
-------------------------++-------
Melee: War axe           ||    40
       Headbutt          ||     3
  Use: Scroll            ||     2
Armor: Scale mail        ||    26
Dodge: Dodged            ||    30
Block: Buckler           ||     8
